 Dungeon Crawl Stone Soup version 0.31.0-12-g77e489cdc1 (webtiles) character file.

Game seed: 13165552842075839585

2 Tovical the Conjurer (level 1, -3/11 (12) HPs)
             Began as a Tengu Reaver on Mar 3, 2024.
             Killed from afar by an orc wizard (5 damage)
             ... with a magic dart
             ... on level 1 of the Dungeon.
             The game lasted 00:01:01 (93 turns).

Tovical the Conjurer (Tengu Reaver)                   Turns: 93, Time: 00:01:01

HP:   -3/11 (12)    AC:  3    Str: 12    XL:     1   Next: 40%
MP:   3/4           EV: 11    Int: 13    God:
Gold: 15            SH:  0    Dex: 12    Spells: 3/4 levels left

rFire   . . .        a - +0 falchion
rCold   . . .        (no shield)
rNeg    . . .        b - +0 leather armour
rPois   .            (helmet restricted)
rElec   .            (no cloak)
rCorr   .            (no gloves)
SInv    .            (boots unavailable)
Will    .....        (no amulet)
Stlth   +            (no ring)
HPRegen 0.21/turn    (no ring)
MPRegen 0.09/turn

%: acrobat
@: confused, drained
A: beak, talons 3, acrobatic
a: no special abilities


You were on level 1 of the Dungeon.
You visited 1 branch of the dungeon, and saw 2 of its levels.

You collected 15 gold pieces.

Inventory:

Hand Weapons
 a - a +0 falchion (weapon)
Armour
 b - a +0 leather armour (worn)


   Skills:
 + Level 2.0 Fighting
 + Level 3.3 Long Blades
 + Level 2.2 Dodging
 + Level 2.0 Spellcasting
 + Level 4.0 Conjurations


You had 3 spell levels left.
You knew the following spells:

 Your Spells              Type           Power      Damage    Failure   Level
a - Kiss of Death         Conj/Necr      24%        2d7       14%         1

Your spell library contained the following spells:

 Spells                   Type           Power      Damage    Failure   Level
 Momentum Strike          Conj/Tloc      12%        3d8       22%         2
 Hailstorm                Conj/Ice       6%         3d5       38%         3


Dungeon Overview and Level Annotations

Branches:
Dungeon (2/15)

Altars:


Innate Abilities, Weirdness & Mutations

You have a beak for a mouth.
You have claws for feet.
You can magically evade attacks while moving or waiting.


Message History

You climb upwards.
You feel less confused.
There is a stone staircase leading down here.
The orc wizard completely misses you. The orc wizard closely misses you.
The orc wizard gestures wildly while chanting.
The orc wizard flickers and vanishes!
Deactivating autopickup; reactivate with Ctrl-A.
Casting: Kiss of Death (safe; 14% risk of failure)
Confirm with . or Enter, or press ? or * to list all spells.
Aiming: Kiss of Death (safe; 14% risk of failure)
Press: ? - help, Shift-Dir - straight line, f - orc
Aim: an orc, wielding a +0 dagger of speed (100% to hit)
The negative energy hits the orc!
The orc is drained!
You kill the orc!
You feel drained.
You hear some strange, mumbled words.
You are confused.
The orc wizard misses you. Something misses you.
Things that are here:
a +0 dagger of speed; an orc corpse The orc wizard attacks as it pursues you!
The orc wizard barely misses you.
You bump into the rock wall.
The orc wizard hits you with a +0 dagger.
You miss the orc wizard.
The orc wizard points at you and mumbles some strange words.
You are more confused.
The orc wizard hits you with a +0 dagger.
* * * LOW HITPOINT WARNING * * *
You hit the orc wizard. Your kick misses the orc wizard.
The orc wizard is lightly wounded.
The orc wizard closely misses you.
You bump into the rock wall.
The orc wizard hits you but does no damage.
You're too confused to cast spells.
You barely miss the orc wizard. Your kick misses the orc wizard.
You peck the orc wizard, but do no damage.
The orc wizard gestures at you while chanting.
The magic dart hits you.
You die...

...# #..# ... #..# ..# ..
#..# ..#. # #..# ..... #
#..# ....# ######..##
...... .........#####
###......
####.........#####........
# #.#.#####....@o{.......
# #.#.# #######........ #
#[#.# #........ #.#.#
#.....).. #.#.# ..#####..
#.#.# ### . #.#


You could see an orc wizard.

Vanquished Creatures
  An orc (D:1)
  A bat (D:1)
2 creatures vanquished.

Notes
Turn   | Place    | Note
-------+----------+-------------------------------------------
     0 | D:1      | Tovical the Tengu Reaver began the quest for the Orb.
     0 | D:1      | Reached XP level 1. HP: 12/12 MP: 4/4
    75 | D:2      | Noticed an orc wizard
    75 | D:2      | Noticed an orc wizard
    93 | D:1      | Killed from afar by an orc wizard

Illustrated notes

Levels and vault maps discovered:
D:1:      amcnicky_arrival_wind_blow, layout_basic, grunt_decor_arrowhead
D:2:      layout_basic, serial_shops, nicolae_lakefront_shop

Action                     || total
---------------------------++-------
  Melee: Falchion          ||     4
         Peck              ||     1
   Cast: Kiss of Death     ||     1
 Armour: Leather armour    ||     8
  Dodge: Dodged            ||    11
